 Dungeon Crawl Stone Soup version 0.32-a0-886-g41c5271027 (webtiles) character file.

Game seed: 8396008449719561455

80903 ragingrage the Marksdjinni (level 16, -6/105 HPs)
             Began as a Djinni Delver on Apr 3, 2024.
             Was the Champion of Hepliaklqana.
             Shot with an arrow by a centaur warrior (19 damage)
             ... on level 13 of the Dungeon.
             The game lasted 00:27:13 (22342 turns).

ragingrage the Marksdjinni (Djinni Delver)         Turns: 22342, Time: 00:27:14

Health: -6/105     AC:  9    Str: 11    XL:     16   Next: 16%
Gold:   189        EV: 22    Int: 12    God:    Hepliaklqana [******] SH:  0 Dex: 29

rFire   + . .        b - +2 longbow (flame)
rCold   + . .        (shield currently unavailable)
rNeg    . . .        U - +2 leather armour {rC+}
rPois   ∞            Y - +2 hat {Will+}
rElec   .            y - +0 cloak
rCorr   .            k - +0 pair of gloves
SInv    .            (boots unavailable)
Will    ++...        z - amulet of regeneration
Stlth   +++          I - +6 ring of dexterity
HPRegen 1.17/turn    V - ring of ice
MPRegen 0.00/turn

%: infuse magic (-7 HP)
@: flying
A: reduced essence, sickness immunity, fire resistance 2, cold vulnerability 1,
float, innate caster, HP casting, extra vitality 1
a: Renounce Religion, Recall Ancestor, Ancestor Identity, Transference, Idealise


You were on level 13 of the Dungeon.
You worshipped Hepliaklqana.
Hepliaklqana was exalted by your worship.
You visited 5 branches of the dungeon, and saw 22 of its levels.
You also visited: Ossuary and Volcano.

You collected 2084 gold pieces.
You spent 1895 gold pieces at shops.

Inventory:

Hand Weapons
 a - the +10 arbalest of Valour {penet, rF- rCorr Int+6 Stlth+}
   (You bought it in a shop on level 2 of the Orcish Mines)

   Int+6:     It affects your intelligence (+6).
   rF-:       It makes you vulnerable to fire.
   rCorr:     It protects you from acid and corrosion.
   Stlth+:    It makes you more stealthy.
 b - a +2 longbow of flaming (weapon)
 c - a +2 antimagic longbow
Missiles
 A - 46 poisoned darts
 J - 2 throwing nets
 W - 3 curare-tipped darts
Armour
 k - a +0 pair of gloves (worn)
 y - a +0 cloak (worn)
 U - a +2 leather armour of cold resistance (worn)
 Y - a +2 hat of willpower (worn)
Jewellery
 z - an amulet of regeneration (around neck)
 D - a ring of fire
 I - a +6 ring of dexterity (left hand)
 V - a ring of ice (right hand)
Wands
 g - a wand of digging (10)
 m - a wand of paralysis (26)
 H - a wand of flame (18)
 Q - a wand of warping (11)
 X - a wand of polymorph (7)
Scrolls
 d - 3 scrolls of revelation
 e - 3 scrolls of fear
 f - a scroll of acquirement {unknown}
 h - 6 scrolls of fog
 j - a scroll of enchant armour {unknown}
 l - 11 scrolls of teleportation
 n - 4 scrolls of vulnerability
 p - a scroll of brand weapon {unknown}
 r - a scroll of poison {unknown}
 s - 2 scrolls of blinking
 t - 3 scrolls of silence
 u - 4 scrolls of immolation
 B - 4 scrolls of noise
 F - 2 scrolls of enchant weapon
 O - a scroll of identify
Potions
 i - 3 potions of ambrosia
 o - 3 potions of curing
 q - a potion of invisibility {unknown}
 v - 4 potions of mutation
 w - 2 potions of enlightenment
 x - 2 potions of lignification
 C - a potion of haste
 E - 2 potions of cancellation {unknown}
 G - 4 potions of heal wounds
 K - 2 potions of brilliance {unknown}
 L - a potion of magic {unknown}
 M - a potion of might {unknown}
 N - 2 potions of berserk rage {unknown}
 R - 2 potions of resistance
 S - a potion of attraction {unknown}
Miscellaneous
 P - a sack of spiders (inert)


   Skills:
 - Level 11.6 Fighting
 - Level 1.7 Short Blades
 + Level 16.4 Ranged Weapons
 - Level 4.0 Armour
 - Level 11.1 Dodging
 - Level 4.1 Stealth
 - Level 7.0 Spellcasting
 - Level 7.0 Conjurations
 - Level 7.0 Hexes
 - Level 7.0 Summonings
 - Level 7.0 Necromancy
 - Level 7.0 Translocations
 - Level 7.0 Fire Magic
 - Level 7.0 Ice Magic
 - Level 7.0 Air Magic
 - Level 7.0 Earth Magic
 - Level 7.0 Alchemy
 - Level 7.0 Invocations
 - Level 4.0 Evocations


You knew the following spells:

 Your Spells              Type           Power      Damage    Failure   Level
a - Fugue of the Fallen   Necr           21%        N/A       3%          3
b - Scorch                Fire           42%        2d6       1%          2
c - Momentum Strike       Conj/Tloc      42%        3d9       1%          2
d - Kiss of Death         Conj/Necr      84%        2d11      1%          1
e - Cause Fear            Hex            10%        N/A       12%         4
f - Curse of Agony        Necr           21%        N/A       32%         5
g - Conjure Ball Lightni  Conj/Air       10%        3x3d6     87%         6
Your spell library was empty.

Dungeon Overview and Level Annotations

Branches:
Dungeon (13/15)            Temple (1/1) D:5            Lair (5/5) D:8
  Swamp (0/4) Lair:3        Snake (1/4) Lair:2        Slime (0/5) Lair:5
    Orc (2/2) D:12            Elf (0/3) Orc:2       Ossuary (visited)
Volcano (visited)
 Vaults: D:13-14

Altars:
Ashenzari
Cheibriados
Dithmenos
Elyvilon
Fedhas
Gozag
Hepliaklqana
Makhleb
Nemelex Xobeh
Okawaru
Qazlal
Ru
Trog
Uskayaw
Wu Jian
Xom
Yredelemnul
Zin
The Shining One
Beogh
Jiyva

Shops:
D:1 ?   D:2 =(*=   Orc:2 ([=!*

Annotations:
D:5 Duvessa
D:11 exclusion: boulder beetle
Snake:1 exclusion: oklob plant


Innate Abilities, Weirdness & Mutations

Your life essence is reduced to manifest your ancestor. (-10% HP)
You are immune to sickness and miasma.
You are immune to poison.
Your flesh is very heat resistant. (rF++)
You are vulnerable to cold. (rC-)
You float through the air rather than walking.
You learn spells naturally, not from books.
Your magical power is your life essence.
You have superior vitality. (+4 MHP)


Message History

A centaur comes into view.
The centaur warrior shoots an arrow.
The arrow completely misses you.
The centaur shoots an arrow.
The arrow hits you!
The centaur shoots an arrow.
The arrow completely misses you.
You hear a shout!
You shoot an arrow. The arrow hits the centaur warrior!!
The arrow burns the centaur warrior!
The centaur warrior shoots an arrow.
The arrow barely misses you.
The centaur shoots an arrow.
The arrow hits you but does no damage.
The centaur wields a +0 shortbow.
The centaur shoots an arrow.
The arrow completely misses you.
The centaur warrior shoots an arrow.
The arrow hits you!!
The centaur shoots an arrow.
The arrow closely misses you.
The centaur shoots an arrow.
The arrow hits you but does no damage.
You shoot an arrow. The arrow hits the gargoyle.
The arrow burns the gargoyle.
The centaur shoots an arrow.
The arrow completely misses you.
A centaur comes into view.
The centaur shoots an arrow.
The arrow misses you.
There are monsters nearby!
You shoot an arrow.
The arrow hits the gargoyle but does no damage.
The centaur wields a +0 shortbow.
The centaur shoots an arrow.
The arrow hits you!
The centaur shoots an arrow.
The arrow closely misses you.
The centaur shoots an arrow.
The arrow misses you.
Peem hits the gargoyle with a +0 broad axe of flaming.
Peem burns the gargoyle.
The gargoyle hurls a stone arrow at you.
The stone arrow hits you!!
The centaur shoots an arrow.
The arrow barely misses you.
There are monsters nearby!
The centaur warrior shoots an arrow.
The arrow hits you!
The centaur shoots an arrow.
The arrow misses you.
The centaur shoots an arrow.
The arrow misses you.
The centaur warrior shoots an arrow.
The arrow hits you!
* * * LOW HITPOINT WARNING * * *
The centaur shoots an arrow.
The arrow hits you.
* * * LOW HITPOINT WARNING * * *
There is a stone staircase leading up here.
The centaur shoots an arrow.
The arrow completely misses you.
The centaur warrior shoots an arrow.
The arrow hits you!!
You die...
Hepliaklqana delivers you to your ancestors.

..~≈≈~~........
...≈≈≈≈~...cc...
...~≈≈≈~c..≈≈≈≈~
...~~~~~.cc~≈≈≈≈
...........9R≈≈≈
...........~≈≈≈~
...........~~≈~~
~~..............
≈~.....@........
≈~....<.<.......
≈~..............
~~..............
...........~≈~~~
...........~≈≈≈~
...........~≈≈≈~
...~~~~~...~≈≈≈


You could see the friendly Peem the knight, a centaur warrior, a gargoyle (ally
target) and 4 centaurs.

Vanquished Creatures
  Gastronok (Lair:3)
  Nessos (Lair:5)
  Fannar (Lair:3)
  4 hydras (Lair:5)
  A catoblepas (Lair:5)
  A centaur warrior (D:9)
  5 ogre magi
  13 two-headed ogres
  3 death yaks (Lair:5)
  A boulder beetle (Lair:4)
  A hell knight (Volcano)
  2 skysharks
  An orc knight (Orc:1)
  An obsidian bat (Orc:2)
  6 cyclopes
  A manticore (D:7)
  16 elephants
  2 salamanders (Volcano)
  2 kobold blastminers (Orc:1)
  3 molten gargoyles (Volcano)
  5 cane toads
  3 black mambas
  Maggie (D:7)
  2 kobold demonologists
  3 rime drakes
  4 komodo dragons
  3 polar bears
  Prince Ribbit (D:5)
  5 trolls
  A hornet (D:11)
  15 blink frogs
  3 slime creatures (D:12)
  5 dream sheep (Lair:5)
  5 wyverns
  3 wraiths
  A vampire (D:11)
  A steam dragon (Lair:2)
  26 yaks
  A warg (Orc:1)
  A two-headed ogre zombie (Orc:1)
  Edmund (D:6)
  2 acid dragons
  22 water moccasins
  14 orc warriors
  An ice beast (D:6)
  3 black bears
  33 ogres
  14 wolves
  3 centaurs
  3 phantoms
  6 kobold brigands
  An elf zombie (Ossuary)
  10 bullfrogs
  3 scorpions
  4 gnoll sergeants
  2 wights (D:7)
  Dowan (D:5)
  9 killer bees
  4 electric eels
  15 howler monkeys
  A centaur zombie (Ossuary)
  2 human zombies (Ossuary)
  6 hounds
  A jelly (D:6)
  3 bombardier beetles
  18 orc priests
  A bullfrog skeleton (D:7)
  3 iguanas (D:6)
  A sleepcap (D:3)
  3 gnoll boudas (D:6)
  Ijyb (D:5)
  24 orc wizards
  A scorpion zombie (D:7)
  A killer bee zombie (D:7)
  3 hound zombies (Ossuary)
  2 mummies (Ossuary)
  14 adders
  16 gnolls
  A howler monkey skeleton (D:7)
  2 ufetubi (D:5)
  4 adder zombies (Ossuary)
  A dart slug (D:1)
  A ribbon worm (D:2)
  78 orcs
  5 ball pythons
  6 endoplasms
  2 giant cockroaches
  4 gnoll zombies (Ossuary)
  6 goblins
  5 hobgoblins
  3 jackals (D:4)
  31 kobolds
  A quokka (D:1)
  4 bats
  7 jackal zombies (Ossuary)
  8 kobold zombies (Ossuary)
  7 orc zombies (Ossuary)
  A rat (D:1)
584 creatures vanquished.

Vanquished Creatures (collateral kills)
  3 hydras
  6 two-headed ogres
  A deep troll shaman (Lair:5)
  A death yak (Lair:5)
  An orc high priest (Orc:1)
  2 skysharks
  A salamander mystic (Volcano)
  2 orc knights (Orc:2)
  A kobold blastminer (Orc:1)
  3 elephants
  A molten gargoyle (Volcano)
  3 black mambas
  An unseen horror (D:11)
  2 cane toads
  An efreet (Volcano)
  A rime drake (Lair:1)
  A troll (Orc:2)
  A dream sheep (Lair:5)
  6 blink frogs
  2 slime creatures (D:12)
  2 wyverns
  A shadow (D:11)
  4 yaks
  A basilisk (Lair:3)
  2 water moccasins
  3 orc warriors (Orc:1)
  A sky beast (D:7)
  13 ogres
  2 wolves
  A centaur (D:10)
  4 killer bees
  3 orc priests
  A sleepcap (D:7)
  An iguana (D:7)
  2 orc wizards (Orc:1)
  An ogre zombie (Orc:1)
  8 orcs
  3 kobolds (D:11)
93 creatures vanquished.

Vanquished Creatures (others)
  3 knights
  An orc wizard (Orc:2)
  An ancestor (D:10)
5 creatures vanquished.

Grand Total: 682 creatures vanquished

Notes
Turn   | Place    | Note
-------+----------+-------------------------------------------
     0 | D:5      | ragingrage the Djinni Delver began the quest for the Orb.
     0 | D:5      | Reached XP level 1. HP: 20/20 MP: 0/0
     8 | D:6      | Noticed an iguana
    27 | D:5      | Noticed an orc wizard
    78 | D:5      | Noticed Dowan
   129 | D:5      | Identified the +0 shortbow of Qutafre {elec, Dex+3}
   136 | D:5      | Noticed Prince Ribbit
   156 | D:5      | Noticed a phantom
   186 | D:5      | Noticed Ijyb
   245 | D:5      | Reached skill level 1 in Ranged Weapons
   245 | D:5      | Reached XP level 2. HP: 22/25 MP: 0/0
   308 | D:5      | Reached skill level 2 in Ranged Weapons
   308 | D:5      | Reached XP level 3. HP: 13/30 MP: 0/0
   308 | D:5      | Learned a level 1 spell: Kiss of Death
   308 | D:5      | Reached XP level 4. HP: 15/35 MP: 0/0
   496 | D:4      | Reached skill level 3 in Ranged Weapons
   616 | D:4      | Reached XP level 5. HP: 40/40 MP: 0/0
   616 | D:4      | Learned a level 2 spell: Scorch
   866 | D:2      | Found Quled's Jewellery Emporium.
   894 | D:2      | Reached skill level 4 in Ranged Weapons
   961 | D:2      | Found Inapt's General Store.
   971 | D:2      | Bought a potion of heal wounds for 60 gold pieces
  1583 | D:1      | Found Lezocesh's Magic Scroll Shoppe.
  1592 | D:1      | Bought a scroll of teleportation for 36 gold pieces
  1852 | D:2      | Found Uwoemick's Weapon Boutique.
  1965 | D:2      | Found Wuazash's Jewellery Shoppe.
  2171 | D:3      | Reached XP level 6. HP: 37/46 MP: 0/0
  2400 | D:3      | Found a shimmering altar of Xom.
  2406 | D:3      | Found a stormy altar of Qazlal.
  2411 | D:3      | Found a sparkling altar of Nemelex Xobeh.
  2415 | D:3      | Found a bloodstained altar of Trog.
  2421 | D:3      | Found a white marble altar of Elyvilon.
  2426 | D:3      | Found a basalt altar of Yredelemnul.
  2459 | D:3      | Found a faded altar of an unknown god.
  2606 | D:3      | Reached skill level 5 in Ranged Weapons
  3192 | D:4      | Reached XP level 7. HP: 50/50 MP: 0/0
  3192 | D:4      | Learned a level 2 spell: Momentum Strike
  3816 | D:5      | Reached skill level 6 in Ranged Weapons
  3947 | D:5      | Killed Prince Ribbit
  3948 | D:5      | Reached skill level 7 in Ranged Weapons
  3948 | D:5      | Reached XP level 8. HP: 20/56 MP: 0/0
  4254 | D:5      | Noticed Duvessa
  4550 | D:6      | Reached skill level 8 in Ranged Weapons
  4610 | D:6      | Noticed Edmund
  4835 | D:6      | Reached XP level 9. HP: 42/60 MP: 0/0
  4835 | D:6      | Learned a level 3 spell: Fugue of the Fallen
  4840 | D:6      | Reached skill level 9 in Ranged Weapons
  4995 | D:5      | Paralysed by Ijyb for 4 turns
  5000 | D:5      | Killed Ijyb
  5148 | D:6      | Killed Edmund
  5442 | D:6      | Reached skill level 10 in Ranged Weapons
  5554 | D:6      | Noticed a two-headed ogre
  5644 | D:6      | Reached XP level 10. HP: 67/67 MP: 0/0
  5710 | D:6      | Reached skill level 11 in Ranged Weapons
  5860 | D:6      | Killed a two-headed ogre
  6151 | D:6      | Reached skill level 12 in Ranged Weapons
  6271 | D:7      | Found a sand-covered staircase.
  6282 | Ossuary  | Entered an ossuary
  6798 | D:7      | Noticed a cyclops
  6803 | D:7      | Killed a cyclops
  6855 | D:7      | Noticed a manticore
  6862 | D:7      | Killed a manticore
  6959 | D:7      | Reached skill level 13 in Ranged Weapons
  6959 | D:7      | Reached XP level 11. HP: 71/71 MP: 0/0
  6959 | D:7      | Learned a level 4 spell: Cause Fear
  7015 | D:7      | Noticed a cyclops
  7061 | D:7      | Killed a cyclops
  7183 | D:8      | Found a staircase to the Lair.
  7542 | D:5      | Found a staircase to the Ecumenical Temple.
  7552 | Temple   | Entered the Ecumenical Temple
  7569 | Temple   | Became a worshipper of Hepliaklqana the Forgotten
  8240 | D:9      | Noticed a centaur warrior
  8256 | D:9      | Killed a centaur warrior
  8257 | D:9      | Reached skill level 14 in Ranged Weapons
  8394 | D:9      | Reached skill level 1 in Evocations
  8624 | D:9      | Found a glowing golden altar of the Shining One.
  8861 | D:8      | Found a burning altar of Makhleb.
  8861 | D:8      | Noticed a blizzard demon
  9897 | D:10     | Entered Level 10 of the Dungeon
  9955 | D:10     | Reached * piety under Hepliaklqana
 10107 | D:10     | Noticed a two-headed ogre
 10809 | D:11     | Noticed a boulder beetle
 11191 | D:11     | Noticed a cyclops
 11196 | D:11     | Killed a cyclops
 11197 | D:11     | Reached skill level 1 in Spellcasting
 11197 | D:11     | Reached skill level 1 in Conjurations
 11197 | D:11     | Reached skill level 1 in Hexes
 11197 | D:11     | Reached skill level 1 in Summonings
 11197 | D:11     | Reached skill level 1 in Necromancy
 11197 | D:11     | Reached skill level 1 in Translocations
 11197 | D:11     | Reached skill level 1 in Fire Magic
 11197 | D:11     | Reached skill level 1 in Ice Magic
 11197 | D:11     | Reached skill level 1 in Air Magic
 11197 | D:11     | Reached skill level 1 in Earth Magic
 11197 | D:11     | Reached skill level 1 in Alchemy
 11210 | D:11     | Reached ** piety under Hepliaklqana
 11211 | D:11     | Remembered your ancestor Peem as a knight
 11284 | D:11     | Reached XP level 12. HP: 72/72 MP: 0/0
 11415 | D:11     | Reached skill level 5 in Fighting
 11660 | D:10     | Reached skill level 5 in Dodging
 11949 | D:10     | Killed a two-headed ogre
 13410 | D:7      | Noticed Maggie
 13422 | D:7      | Killed Maggie
 13789 | D:12     | Found a staircase to the Orcish Mines.
 14393 | Orc:1    | Entered Level 1 of the Orcish Mines
 14539 | Orc:1    | Noticed an orc high priest
 14547 | Orc:1    | Noticed a soul eater
 14551 | Orc:1    | Killed an orc high priest
 14635 | Orc:1    | Reached *** piety under Hepliaklqana
 14927 | Orc:1    | Reached XP level 13. HP: 81/81 MP: 0/0
 14927 | Orc:1    | Learned a level 5 spell: Curse of Agony
 15043 | Orc:1    | Reached skill level 1 in Invocations
 15139 | Orc:1    | Noticed an ogre mage
 15146 | Orc:1    | Killed an ogre mage
 15147 | Orc:1    | Reached skill level 5 in Spellcasting
 15147 | Orc:1    | Reached skill level 5 in Conjurations
 15147 | Orc:1    | Reached skill level 5 in Hexes
 15147 | Orc:1    | Reached skill level 5 in Summonings
 15147 | Orc:1    | Reached skill level 5 in Necromancy
 15147 | Orc:1    | Reached skill level 5 in Translocations
 15147 | Orc:1    | Reached skill level 5 in Fire Magic
 15147 | Orc:1    | Reached skill level 5 in Ice Magic
 15147 | Orc:1    | Reached skill level 5 in Air Magic
 15147 | Orc:1    | Reached skill level 5 in Earth Magic
 15147 | Orc:1    | Reached skill level 5 in Alchemy
 15591 | D:5      | Killed Dowan
 15781 | D:2      | Bought the +8 shortbow "Rohaw" {flame, Str+4} for 851 gold
                  | pieces
 15921 | Lair:1   | Entered Level 1 of the Lair of Beasts
 16014 | Lair:1   | Found a dark tunnel.
 16024 | Volcano  | Entered a volcano
 16320 | Volcano  | Noticed an orb of fire
 16366 | Volcano  | Noticed an orb of fire
 16569 | Lair:1   | Reached **** piety under Hepliaklqana
 16794 | Lair:1   | Reached skill level 5 in Invocations
 17360 | Lair:2   | Reached XP level 14. HP: 90/90 MP: 0/0
 17386 | Lair:2   | Found a staircase to the Snake Pit.
 17414 | Lair:2   | Reached ***** piety under Hepliaklqana
 17964 | Snake:1  | Entered Level 1 of the Snake Pit
 17984 | Lair:3   | Reached skill level 10 in Fighting
 18041 | Lair:3   | Noticed Gastronok
 18054 | Lair:3   | Killed Gastronok
 18098 | Lair:2   | Reached skill level 1 in Armour
 18433 | Lair:3   | Found a staircase to the Swamp.
 18435 | Lair:3   | Noticed Fannar
 18455 | Lair:3   | Killed Fannar
 19165 | Lair:4   | Found an ornate altar of the Wu Jian Council.
 19165 | Lair:4   | Found a hide-covered altar of Uskayaw.
 19177 | Lair:4   | Reached skill level 10 in Dodging
 19546 | Lair:4   | Found the +8 whip "Snakebite" {venom, curare, rPois}
 19696 | Lair:5   | Entered Level 5 of the Lair of Beasts
 19751 | Lair:5   | Reached XP level 15. HP: 92/99 MP: 0/0
 19751 | Lair:5   | Learned a level 6 spell: Conjure Ball Lightning
 19848 | Lair:5   | Reached ****** piety under Hepliaklqana
 19926 | Lair:5   | Noticed Nessos
 19939 | Lair:5   | Killed Nessos
 20303 | Lair:5   | Found a staircase to the Slime Pits.
 20305 | Lair:5   | Found a viscous altar of Jiyva.
 20426 | Lair:5   | Identified the serpent talisman of Indemnity {rC++ Str-3
                  | SInv}
 20602 | Lair:5   | Reached skill level 15 in Ranged Weapons
 21163 | Orc:2    | Entered Level 2 of the Orcish Mines
 21163 | Orc:2    | Found a staircase to the Elven Halls.
 21634 | Orc:2    | Reached skill level 16 in Ranged Weapons
 21642 | Orc:2    | Reached XP level 16. HP: 105/105 MP: 0/0
 21780 | Orc:2    | Found Unopra's Assorted Antiques.
 21800 | Orc:2    | Bought an encrusted ivory wand for 116 gold pieces
 21800 | Orc:2    | Bought a smoky ruby potion for 26 gold pieces
 21803 | Orc:2    | Found Sedat's Jewellery Shoppe.
 21803 | Orc:2    | Found Uthak's Antique Weapon Shop.
 21804 | Orc:2    | Found Weiho's Distillery.
 21804 | Orc:2    | Found Migaecu's Antique Armour Shoppe.
 21819 | Orc:2    | Bought a potion of lignification for 39 gold pieces
 21819 | Orc:2    | Bought a potion of resistance for 130 gold pieces
 21821 | Orc:2    | Bought a warped arbalest for 275 gold pieces
 21821 | Orc:2    | Identified the +10 arbalest of Valour {penet, rF- rCorr
                  | Int+6 Stlth+} (You bought it in a shop on level 2 of the
                  | Orcish Mines)
 21866 | Orc:2    | Found a roughly hewn altar of Beogh.
 22110 | Orc:2    | Bought a glowing longbow for 275 gold pieces
 22110 | Orc:2    | Bought a scroll of teleportation for 87 gold pieces
 22342 | D:13     | Shot with an arrow by a centaur warrior

Illustrated notes

Levels and vault maps discovered:
D:1:      saegor_arrival_simple_c, layout_loops_corners, serial_shops,
          nicolae_shop_hallway_stairs, minmay_shallow_snake_nest
D:2:      layout_basic, serial_shops, shop, nicolae_shop_real_fake_doors, shop,
          shop, kennysheep_generic_room_16
D:3:      layout_loops_ring, nicolae_overflow_hallway_of_the_gods,
          dreamdust_ecumenical_altar_grove
D:4:      layout_basic
D:5:      layout_basic, minmay_temple_entry_gardened_gates, uniq_ijyb,
          uniq_duvessa, uniq_prince_ribbit1
D:6:      lemuel_castle_with_subvaults [lemuel_castle_interior_carwin_1],
          layout_basic, uniq_edmund
D:7:      nzn_winding_woodlands_cross [nzn_winding_woodlands_5x15_parted,
          nzn_winding_woodlands_5x15_river_crossing,
          nzn_winding_woodlands_5x15_default,
          nzn_winding_woodlands_5x15_split_checker,
          nzn_winding_woodlands_15x15_five_gardens], layout_basic,
          mainiacjoe_ossuary_entry_find_the_door, kb_rosetta, uniq_maggie
D:8:      layout_basic, makhleb_altar_promises_db, lair_entry_dummy
D:9:      layout_loops_ring, tso_oasis_becter
D:10:     layout_layer_cave
D:11:     layout_long_grid, nicolae_sif_muna_little_library
D:12:     layout_loops_ring, david_orc_2
D:13:     layout_big_octagon, hellmonk_guarded_unrand_seven_league_boots,
          uniq_jorgrun
Temple:   zaba_magenta_temple
Lair:1:   layout_cave_shapes, nicolae_volcano_entry_hallway,
          chequers_serial_rivers_marsh
Lair:2:   layout_regular_city, minmay_snake_entry_six_corridors
Lair:3:   layout_hall_layers, swamp_mist_pool, serial_bayou_shore_b,
          uniq_fannar, uniq_gastronok
Lair:4:   minmay_guarded_unrand_snakebite, layout_gridlike,
          nzn_masters_of_martial_movement
Lair:5:   grunt_lair_end_beastmaster, layout_cave_pods, slime_entry_1,
          serial_bayou_shore_b, serial_bayou_shore_a, uniq_nessos
Snake:1:  nicolae_snake_shooting_gallery, layout_basic,
          nicolae_shop_unique_rings, dpeg_stationary_puzzle, uniq_frances
Orc:1:    lemuel_ogre_cave, layout_diamond_mine
Orc:2:    st_orc_ogre_mass, layout_caves, serial_shops, shop, basic_altar

Skill      XL: |  1  2  3  4  5  6  7  8  9 10 11 12 13 14 15 |
---------------+----------------------------------------------+-----
Ranged Weapons | 1 2 3 4 5 7 8 10 13 14 16 | 16.4
Evocations     | 3 4 |  4.0
Dodging        | 4 7 9 10 11 | 11.1
Fighting       | 4 7 9 11 | 11.6
Spellcasting   | 1 4 6 7 |  7.0
Conjurations   | 1 4 6 7 |  7.0
Hexes          | 1 4 6 7 |  7.0
Summonings     | 1 4 6 7 |  7.0
Necromancy     | 1 4 6 7 |  7.0
Translocations | 1 4 6 7 |  7.0
Fire Magic     | 1 4 6 7 |  7.0
Ice Magic      | 1 4 6 7 |  7.0
Air Magic      | 1 4 6 7 |  7.0
Earth Magic    | 1 4 6 7 |  7.0
Alchemy        | 1 4 6 7 |  7.0
Invocations    | 5 7 |  7.0
Armour         | 4 |  4.0
Short Blades   | |  1.7
Stealth        | |  4.1

Action                     |  1- 3 |  4- 6 |  7- 9 | 10-12 | 13-15 | 16-18 || total
---------------------------+-------+-------+-------+-------+-------+-------++-------
   Fire: Shortbow          |    19 |   171 |   342 |   944 |   660 |       ||  2136
         Longbow           |       |       |       |       |   240 |    84 ||   324
  Throw: Dart              |       |       |       |     2 |     2 |       ||     4
   Cast: Fugue of the Fall |       |       |       |       |    13 |     2 ||    15
 Invoke: Ancestor Life: Kn |       |       |       |     1 |       |       ||     1
         Recall Ancestor   |       |       |       |       |     7 |     1 ||     8
         Idealise          |       |       |       |       |     1 |       ||     1
  Evoke: Wand              |       |       |     1 |       |     1 |       ||     2
         Sack of spiders   |       |       |       |       |     1 |       ||     1
    Use: Potion            |     1 |       |     2 |     5 |       |       ||     8
         Scroll            |       |       |     1 |    10 |     3 |       ||    14
 Armour: Leather armour    |    12 |    53 |    97 |   150 |   157 |    19 ||   488
         Troll leather arm |       |       |       |    27 |       |       ||    27
  Dodge: Dodged            |    16 |    55 |    85 |   168 |   270 |    34 ||   628

Table legend: (Time is in decaauts)
 A = Elapsed time spent in this place.
 B = Non-inter-level travel time spent in this place.
 C = Inter-level travel time spent in this place.
 D = Time resting spent in this place.
 E = Time spent auto-exploring this place.
 F = Levels seen in this place.
 G = Mean time per level.
                   A        B        C        D        E       F      G
               +--------+--------+--------+--------+--------+-----+--------+
         Total |  22037 |  19638 |   2399 |   2246 |  13151 |  24 |  918.2 |
       Dungeon |  14588 |  12739 |   1849 |   1571 |   8797 |  13 | 1122.2 |
        Temple |     34 |      1 |     33 |      0 |      0 |   1 |   34.0 |
          Lair |   4554 |   4341 |    213 |    242 |   3150 |   5 |  910.8 |
     Snake Pit |      1 |      1 |      0 |      0 |      0 |   1 |    1.0 |
  Orcish Mines |   2150 |   1848 |    302 |    354 |    931 |   2 | 1075.0 |
       Ossuary |    292 |    292 |      0 |      9 |    123 |   1 |  292.0 |
       Volcano |    415 |    415 |      0 |     68 |    150 |   1 |  415.0 |
               +--------+--------+--------+--------+--------+-----+--------+

Top non-repeatable levels by time:
     D:6: 2377 daAuts
     D:5: 1728 daAuts
    D:10: 1557 daAuts
     D:8: 1419 daAuts
   Orc:1: 1400 daAuts
  Lair:5: 1250 daAuts
     D:9: 1053 daAuts
     D:7: 1049 daAuts
    D:11: 1045 daAuts
     D:3: 1004 daAuts
     D:4: 979 daAuts
     D:1: 869 daAuts
  Lair:3: 840 daAuts
  Lair:1: 831 daAuts
  Lair:4: 826 daAuts
